 Dungeon Crawl Stone Soup version 0.19.0-9-gfd783f2 (webtiles) character file.

9 imganon the Chopper (level 2, 19/24 HPs)
             Began as a Demonspawn Berserker on Nov 7, 2016.
             Was a Follower of Trog.
             Got out of the dungeon alive.
             The game lasted 00:00:34 (403 turns).

imganon the Chopper (Demonspawn Berserker)           Turns: 403, Time: 00:00:35

Health: 19/24      AC:  4    Str: 17    XL:     2   Next: 6%
Magic:  2/2        EV: 12    Int:  8    God:    Trog [*.....]
Gold:   15         SH:  0    Dex: 15    Spells: 0 memorised, 1 level left

rFire  . . .     SeeInvis .     a - +0 hand axe
rCold  . . .     Gourm    .     b - +0 animal skin
rNeg   . . .     Faith    .     (no shield)
rPois  .         Spirit   .     (no helmet)
rElec  .         Reflect  .     (no cloak)
rCorr  .         Harm     .     k - +1 pair of gloves {Dex+3}
MR     .....                    (no boots)
Stlth  ++........               (no amulet)
                                (no ring)
                                (no ring)

@: no status effects
A: nightstalker 1
a: Berserk, Burn Spellbooks, Renounce Religion


You escaped.
You worshipped Trog.
Trog was aware of your devotion.
You were not hungry.

You visited 1 branch of the dungeon, and saw 1 of its levels.

You collected 15 gold pieces.

Inventory:

Hand Weapons
 a - a +0 hand axe (weapon)
Armour
 b - a +0 animal skin (worn)
 k - a +1 pair of gloves of dexterity (worn)
Scrolls
 d - a scroll of fog {unknown}
 h - a scroll of immolation {unknown}
 i - 2 scrolls of identify {unknown}
 m - a scroll of teleportation {unknown}
 o - a scroll of random uselessness {unknown}
Potions
 e - a potion of might {unknown}
 f - 2 potions of heal wounds {unknown}
 g - a potion of invisibility {unknown}
 n - 2 potions of agility {unknown}
Comestibles
 c - a bread ration
 j - a chunk of flesh
 l - a meat ration


   Skills:
 - Level 3.0 Fighting
 + Level 3.2 Axes
 - Level 1.7 Armour
 - Level 1.7 Dodging


You had one spell level left.
You didn't know any spells.

Dungeon Overview and Level Annotations

Branches:
Dungeon (1/15)

Altars:


Innate Abilities, Weirdness & Mutations

You are slightly more attuned to the shadows.


Message History

You hit the giant cockroach.
The giant cockroach is heavily wounded.
The giant cockroach bites you but does no damage.
The giant cockroach bites you.
You hit the giant cockroach but do no damage.
The giant cockroach is heavily wounded.
The giant cockroach barely misses you.
You closely miss the giant cockroach.
The giant cockroach is heavily wounded.
The giant cockroach bites you.
You hit the giant cockroach.
The giant cockroach is severely wounded.
The giant cockroach closely misses you. The giant cockroach bites you.
You hit the giant cockroach.
You kill the giant cockroach!
Trog accepts your kill.
No target in view!
There is a staircase leading out of the dungeon here.
Are you sure you want to leave the Dungeon?
This will make you lose the game!
You have escaped!

...#.# #####...........###....#
#.# #............##....# #.#
#####.######.##....# #.#
#≈≈≈≈♣.♣≈≈≈≈#.##....# #.#
#≈...♣.♣...≈#.##....# #.#
#≈.P.......≈#..#....# #.#
#≈PPP......≈##.#....# #.#
###♣.P.......♣#...##.## #.#
#..≈....@....[..#.##.# ## #.#
#.#♣.P.....♣.♣###.##.###.
##'####.#≈PPP...♣♣♣≈#..........
#.......#≈.P.....♣.≈#..........
#...#####≈≈≈≈♣≈♣≈≈≈≈#.....†..).
###...##########.######..........
.................# #.........#
.........#####..#######.........#
.........# #..............>...#


There were no monsters in sight!

Vanquished Creatures
  A dart slug (D:1)
  A giant cockroach (D:1)
  2 bats (D:1)
  2 frilled lizards (D:1)
  A kobold (D:1)
  2 rats (D:1)
9 creatures vanquished.

Vanquished Creatures (others)
  5 toadstools (D:1)
5 creatures vanquished.

Grand Total: 14 creatures vanquished

Notes
Turn   | Place    | Note
-------+----------+-------------------------------------------
     0 | D:1      | imganon the Demonspawn Berserker began the quest for the Orb.
     0 | D:1      | Reached XP level 1. HP: 18/18 MP: 1/1
   366 | D:1      | Gained mutation: You are slightly more attuned to the shadows. [demonic ancestry]
   366 | D:1      | Reached XP level 2. HP: 21/24 MP: 2/2
   403 | D:$      | Got out of the dungeon alive.

Skill      XL: |  1 |
---------------+----+-----
Axes           | 3 |  3.2
Fighting       | |  3.0
Armour         | |  1.7
Dodging        | |  1.7

Action                   || total
-------------------------++-------
Melee: Hand axe          ||    22
Armor: Animal skin       ||     6
Dodge: Dodged            ||     8
